 Dungeon Crawl Stone Soup version 0.29-a0-321-gf1c400731a (webtiles) character file.

Game seed: 3450757214257819936

57 Murumi the Bolt Thrower (level 4, -9/33 HPs)
             Began as a Djinni Hunter on Apr 3, 2022.
             Mangled by a black bear (10 damage)
             ... on level 2 of the Dungeon.
             The game lasted 00:04:08 (887 turns).

Murumi the Bolt Thrower (Djinni Hunter)              Turns: 887, Time: 00:04:09

Health: -9/33      AC:  5    Str: 10    XL:     4   Next: 18%
Gold:   88         EV: 13    Int: 11    God:
                   SH:  0    Dex: 24

rFire   + + .      SeeInvis .   a - +1 hand crossbow
rCold   x . .      Faith    .   (no shield)
rNeg    . . .      Spirit   .   b - +0 leather armour
rPois   ∞          Reflect  .   (no helmet)
rElec   .          Harm     .   g - +1 cloak
rCorr   .          Rampage  .   (no gloves)
Will    .....                   (boots unavailable)
Stlth   ++........              (no amulet)
HPRegen 0.11/turn               e - +6 ring of dexterity
MPRegen 0.00/turn               (no ring)

@: flying, hasted, very quick
A: sickness immunity, fire resistance 2, cold vulnerability 1, float, innate
caster, HP casting, extra vitality 1
a: no special abilities


You were on level 2 of the Dungeon.
You visited 1 branch of the dungeon, and saw 2 of its levels.

You collected 88 gold pieces.

Inventory:

Hand Weapons
 a - a +1 hand crossbow (weapon)
Armour
 b - a +0 leather armour (worn)
 g - a +1 cloak (worn)
Jewellery
 e - a +6 ring of dexterity (left hand)
Scrolls
 c - a scroll of immolation
 j - 2 scrolls of teleportation
Potions
 f - a potion of attraction
 i - a potion of lignification {unknown}
 k - a potion of mutation {unknown}


   Skills:
 - Level 2.0 Fighting
 - Level 4.0 Crossbows
 - Level 1.0 Armour
 - Level 3.0 Dodging
 + Level 1.1 Stealth


You had 2 spell levels left.
You knew the following spells:

 Your Spells              Type           Power      Damage    Failure   Level
a - Pain                  Necr           0%         1d4       43%         1
Your spell library was empty.

Dungeon Overview and Level Annotations

Branches:
Dungeon (2/15)

Altars:

Annotations:
D:2 1 runed translucent door, Crazy Yiuf


Innate Abilities, Weirdness & Mutations

You are immune to sickness and miasma.
You are immune to poison.
Your flesh is very heat resistant. (rF++)
You are vulnerable to cold. (rC-)
You float through the air rather than walking.
You learn spells naturally, not from books.
Your magical power is your life essence.
You have superior vitality. (+4 MHP)


Message History

Press: ? - help, Q - select action, (/) - cycle Shift-Dir - straight line, f/p - black bear
Aim: a black bear (moderately wounded, 75% to hit)
You shoot a bolt. The bolt hits the black bear!
The black bear is severely wounded.
The black bear bites you.
* * * LOW HITPOINT WARNING * * *
The black bear claws you but does no damage.
The black bear barely misses you.
You feel better. The black bear barely misses you.
The black bear claws you but does no damage.
The black bear closely misses you.
Shoot: a) +1 hand crossbow
Press: ? - help, Q - select action, (/) - cycle Shift-Dir - straight line, f/p - black bear
Aim: a black bear (severely wounded, 75% to hit)
You shoot a bolt. The bolt closely misses the black bear.
The black bear bites you but does no damage.
The black bear barely misses you. The black bear misses you.
Shoot: a) +1 hand crossbow
Press: ? - help, Q - select action, (/) - cycle Shift-Dir - straight line, f/p - black bear
Aim: a black bear (severely wounded, 75% to hit)
You shoot a bolt. The bolt hits the black bear!
The black bear is almost dead.
The black bear goes berserk!
Shoot: a) +1 hand crossbow
Press: ? - help, Q - select action, (/) - cycle Shift-Dir - straight line, f/p - black bear
Aim: a black bear (almost dead, berserk, 75% to hit)
You shoot a bolt.
The bolt completely misses the black bear.
The black bear bites you but does no damage.
The black bear claws you.
* * * LOW HITPOINT WARNING * * *
The black bear claws you.
* * * LOW HITPOINT WARNING * * *
Shoot: a) +1 hand crossbow
Press: ? - help, Q - select action, (/) - cycle Shift-Dir - straight line, f/p - black bear
Aim: a black bear (almost dead, berserk, 75% to hit)
You shoot a bolt. The bolt hits the black bear.
The black bear is almost dead.
The black bear bites you!
You die...

### ###
###.###.#
#.......#
#########.###.#
#.......#.# #.#
#.#####.#.###.#
#.#
#.......####
#.###
#.#........#
..## ....#
##########@#
...$
#.#.#######
##h# ...#
...........
##††#
###.#######
##..## # #.#
#....## ... #.#
#.#...#...# #.#
####.....# #.#
##._.## ###.###
..†.#


You could see a black bear (berserk).

Vanquished Creatures
  An adder (D:2)
  A worm (D:2)
  2 dart slugs (D:1)
  An endoplasm (D:2)
  3 giant cockroaches (D:1)
  4 goblins (D:1)
  5 kobolds (D:1)
  5 quokkas (D:1)
  10 ball pythons
  A bat (D:1)
  2 frilled lizards (D:1)
  5 rats
40 creatures vanquished.

Notes
Turn   | Place    | Note
-------+----------+-------------------------------------------
     0 | D:1      | Murumi the Djinni Hunter began the quest for the Orb.
     0 | D:1      | Reached XP level 1. HP: 18/18 MP: 0/0
    14 | D:1      | Reached skill level 1 in Stealth
    75 | D:1      | Reached XP level 2. HP: 23/23 MP: 0/0
   200 | D:1      | Reached XP level 3. HP: 28/28 MP: 0/0
   200 | D:1      | Learned a level 1 spell: Pain
   221 | D:1      | You are sucked into a shaft and drop 1 floor!
   258 | D:2      | Found a runed translucent door.
   259 | D:2      | Noticed Crazy Yiuf
   663 | D:2      | Reached skill level 4 in Crossbows
   663 | D:2      | Reached XP level 4. HP: 33/33 MP: 0/0
   777 | D:2      | Reached skill level 1 in Armour
   861 | D:2      | Found a faded altar of an unknown god.
   869 | D:2      | Noticed a black bear
   886 | D:2      | HP: 1/33 [black bear (6)]
   887 | D:2      | Mangled by a black bear

Illustrated notes

Levels and vault maps discovered:
D:1:      saegor_arrival_simple_a, layout_rooms, minmay_heptomino_h4
D:2:      minmay_diamond_boxcup, layout_basic,
          nicolae_ecumenical_snake_handling, uniq_crazy_yiuf_cottage

Skill      XL: |  1  2  3  4 |
---------------+-------------+-----
Stealth        | 1 |  1.1
Dodging        | 3 |  3.0
Crossbows      | 4 |  4.0
Armour         | 1 |  1.0
Fighting       | |  2.0

Action                   |  1- 3 |  4- 6 || total
-------------------------+-------+-------++-------
 Fire: Hand crossbow     |    63 |    27 ||    90
  Use: Scroll            |     5 |       ||     5
       Potion            |       |     2 ||     2
Armor: Leather armour    |     4 |     8 ||    12
Dodge: Dodged            |     6 |    22 ||    28

Table legend: (Time is in decaauts)
 A = Elapsed time spent in this place.
 B = Non-inter-level travel time spent in this place.
 C = Inter-level travel time spent in this place.
 D = Time resting spent in this place.
 E = Time spent auto-exploring this place.
 F = Levels seen in this place.
 G = Mean time per level.
                   A        B        C        D        E       F      G
               +--------+--------+--------+--------+--------+-----+--------+
         Total |    918 |    865 |     53 |      0 |    643 |   2 |  459.0 |
       Dungeon |    918 |    865 |     53 |      0 |    643 |   2 |  459.0 |
               +--------+--------+--------+--------+--------+-----+--------+

Top non-repeatable levels by time:
     D:1: 579 daAuts
     D:2: 339 daAuts
